 Dungeon Crawl Stone Soup version 0.27-a0-1281-ge233d83751 (webtiles) character file.

Game seed: 13224604559832917066

68 bilbop the Bolt Thrower (level 4, -1/28 HPs)
             Began as a Kobold Hunter on June 13, 2021.
             Slain by a gnoll (7 damage)
             ... on level 2 of the Dungeon.
             The game lasted 00:08:05 (1009 turns).

bilbop the Bolt Thrower (Kobold Hunter)             Turns: 1009, Time: 00:08:05

Health: -1/28      AC:  4    Str: 10    XL:     4   Next: 41%
Magic:  4/4        EV: 14    Int: 12    God:
Gold:   34         SH:  0    Dex: 15    Spells: 3/3 levels left

rFire    . . .     SeeInvis .   a - +1 hand crossbow
rCold    . . .     Faith    .   (shield restricted)
rNeg     . . .     Spirit   .   c - +0 leather armour
rPois    .         Reflect  .   (no helmet)
rElec    .         Harm     .   (no cloak)
rCorr    .         Rampage  .   h - +0 pair of gloves
Will     .....                  (no boots)
Stlth    +++.......             (no amulet)
HPRegen  0.09/turn              (no ring)
MPRegen  0.09/turn              (no ring)

@: no status effects
A: small, no large weapons, nightstalker 3
a: no special abilities


You were on level 2 of the Dungeon.
You visited 1 branch of the dungeon, and saw 2 of its levels.

You collected 34 gold pieces.

Inventory:

Hand Weapons
 a - a +1 hand crossbow (weapon)
 b - a +0 dagger
 k - a +0 short sword
Missiles
 d - 7 bolts (quivered ammo)
Armour
 c - a +0 leather armour (worn)
 h - a +0 pair of gloves (worn)
Scrolls
 e - a scroll of summoning {unknown}
 f - a scroll of magic mapping {unknown}
 g - 2 scrolls of immolation {unknown}
 i - 3 scrolls of vulnerability {unknown}
Potions
 j - a potion of curing {unknown}


   Skills:
 * Level 3.2 Fighting
 + Level 1.7 Short Blades
 + Level 5.1 Crossbows
 + Level 3.0 Dodging
 + Level 2.5 Stealth


You had 3 spell levels left.
You didn't know any spells.
Your spell library was empty.

Dungeon Overview and Level Annotations

Branches:
Dungeon (2/15)

Altars:


Innate Abilities, Weirdness & Mutations

You are small and have problems with some larger weapons.
You are completely attuned to the shadows.


Message History

Your Dodging skill increases to level 3!
Fire: 13 bolts
Press: ? - help, Q - select action Shift-Dir - straight line, f - gnoll
Aim: a gnoll, wielding a +0 whip (69% to hit)
You shoot a bolt. The bolt hits the gnoll!
The gnoll is heavily wounded.
The gnoll hits you with a +0 whip.
Fire: 12 bolts
Press: ? - help, Q - select action Shift-Dir - straight line, f/p - gnoll
Aim: a gnoll, wielding a +0 whip (heavily wounded, 69% to hit)
You shoot a bolt. The bolt barely misses the gnoll.
The gnoll misses you.
A gnoll comes into view. It is wielding a +0 spear.
Fire: 11 bolts
Press: ? - help, Q - select action Shift-Dir - straight line, f/p - gnoll
Aim: a gnoll, wielding a +0 whip (heavily wounded, 69% to hit)
You shoot a bolt. The bolt barely misses the gnoll. x2
The gnoll closely misses you. The gnoll hits you with a +0 whip.
Fire: 10 bolts
Press: ? - help, Q - select action Shift-Dir - straight line, f/p - gnoll
Aim: a gnoll, wielding a +0 whip (heavily wounded, 69% to hit)
You shoot a bolt. The bolt barely misses the gnoll.
The bolt hits the gnoll.
The gnoll is heavily wounded.
The gnoll hits you with a +0 whip.
Fire: 9 bolts
Press: ? - help, Q - select action Shift-Dir - straight line, f/p - gnoll
Aim: a gnoll, wielding a +0 whip (heavily wounded, 69% to hit)
You shoot a bolt. The bolt hits the gnoll!
You kill the gnoll!
The gnoll hits you from afar with a +0 spear.
* * * LOW HITPOINT WARNING * * *
The gnoll closely misses you.
Fire: 8 bolts
Press: ? - help, Q - select action Shift-Dir - straight line, f - gnoll
Aim: a gnoll, wielding a +0 club (heavily wounded, 69% to hit)
You shoot a bolt.
The bolt hits the gnoll but does no damage.
The gnoll is heavily wounded.
The gnoll hits you with a +0 club!
You die...

..............<...
................##..
................# .
.................#
.................# .
.......#........)# ..
......#####†...#.##..
#......###....#.....
###@##..##..<.##....
#g###.##........##
#(g##.##....##...#
##..((..........#(#
#.(...>........##.#
#..(............. #
#...............
#...............
#...............


You could see 2 gnolls.

Vanquished Creatures
  Natasha (D:2)
  2 gnolls (D:2)
  A dart slug (D:1)
  3 bats
  3 endoplasms
  A goblin (D:2)
  3 jackals (D:1)
  2 kobolds
  A ball python (D:1)
  4 rats (D:1)
21 creatures vanquished.

Notes
Turn   | Place    | Note
-------+----------+-------------------------------------------
     0 | D:1      | bilbop the Kobold Hunter began the quest for the Orb.
     0 | D:1      | Reached XP level 1. HP: 12/12 MP: 1/1
   200 | D:1      | Reached XP level 2. HP: 12/18 MP: 2/2
   489 | D:1      | Reached skill level 1 in Short Blades
   489 | D:1      | Reached skill level 5 in Crossbows
   900 | D:2      | Reached XP level 3. HP: 18/22 MP: 3/3
   966 | D:2      | Noticed Natasha
   969 | D:2      | Killed Natasha
   972 | D:2      | Reached XP level 4. HP: 28/28 MP: 4/4
  1009 | D:2      | Slain by a gnoll

Illustrated notes

Levels and vault maps discovered:
D:1:      ebering_trefoil_twist, layout_basic
D:2:      layout_rooms, minmay_misc_feat_encased, uniq_robin, uniq_natasha

Skill      XL: |  1  2  3  4 |
---------------+-------------+-----
Short Blades   | 1 |  1.7
Crossbows      | 5 |  5.1
Stealth        | 2 |  2.5
Fighting       | 3 |  3.2
Dodging        | 3 |  3.0

Action                   |  1- 3 |  4- 6 || total
-------------------------+-------+-------++-------
Melee: Short sword       |    47 |       ||    47
 Fire: Hand crossbow     |    28 |     9 ||    37
Armor: Leather armour    |    24 |       ||    24
Dodge: Dodged            |    40 |     3 ||    43

Table legend: (Time is in decaauts)
 A = Elapsed time spent in this place.
 B = Non-inter-level travel time spent in this place.
 C = Inter-level travel time spent in this place.
 D = Time resting spent in this place.
 E = Time spent auto-exploring this place.
 F = Levels seen in this place.
 G = Mean time per level.
                   A        B        C        D        E       F      G
               +--------+--------+--------+--------+--------+-----+--------+
         Total |   1014 |   1007 |      7 |    104 |    723 |   2 |  507.0 |
       Dungeon |   1014 |   1007 |      7 |    104 |    723 |   2 |  507.0 |
               +--------+--------+--------+--------+--------+-----+--------+

Top non-repeatable levels by time:
     D:1: 800 daAuts
     D:2: 214 daAuts
